 Dungeon Crawl Stone Soup version 0.30-a0-170-g85af917532 (webtiles) character file.

Game seed: 14276549470922650855

758 qw the Chopper (level 7, -9/44 HPs)
             Began as a Gargoyle Fighter on Sept 30, 2022.
             Mangled by a two-headed ogre
             ... wielding a +0 giant spiked club
              (24 damage)
             ... on level 5 of the Dungeon.
             The game lasted 00:02:23 (6472 turns).

qw the Chopper (Gargoyle Fighter)                   Turns: 6472, Time: 00:02:23

Health: -9/44      AC: 15    Str: 19 (21) XL:     7   Next: 80%
Magic:  7/7        EV:  7    Int:  9      God:
Gold:   171        SH:  4    Dex:  7 (9)  Spells: 6/6 levels left

rFire   . . .      SeeInvis .    Y - +1 war axe
rCold   . . .      Faith    .    c - +0 buckler
rNeg    + . .      Spirit   .    j - +0 chain mail
rPois   inf        Reflect  .    b - +0 helmet
rElec   +          Harm     .    (no cloak)
rCorr   .          Rampage  .    (no gloves)
Will    +....                    (no boots)
Stlth   ..........               (no amulet)
HPRegen 0.14/turn                m - ring of willpower
MPRegen 0.10/turn                (no ring)

@: marked
A: sickness immunity, AC +4, negative energy resistance 1, electricity
resistance, torment resistance 1, petrification resistance
a: no special abilities


You were on level 5 of the Dungeon.
You visited 1 branch of the dungeon, and saw 5 of its levels.

You collected 171 gold pieces.


Innate Abilities, Weirdness & Mutations

You are immune to sickness and miasma.
Your stone body is resilient. (AC +4)
You are immune to poison.
You resist negative energy. (rN+)
You are resistant to electric shocks. (rElec)
You are resistant to unholy torment.
You are immune to petrification.


   Skills:
 - Level 5.1 Fighting
 + Level 7.0 Axes
 - Level 3.2 Armour
 - Level 1.0 Dodging
 - Level 3.2 Shields


You had 6 spell levels left.
You didn't know any spells.
Your spell library was empty.

Inventory:

Hand Weapons
 f - the +11 whip of Absolution {vorpal, rF+ Dex+3}
   (You took it off a kobold on level 2 of the Dungeon)

   It inflicts extra damage upon your enemies.
   Dex:       It affects your dexterity (+3).
   rF:        It protects you from fire.
 Y - a +1 war axe (weapon)
Armour
 b - a +0 helmet (worn)
 c - a +0 buckler (worn)
 g - the +1 leather armour of the Pits of Slime {rF+ rC+ Will-}
   (You found it on level 3 of the Dungeon)

   rF:        It protects you from fire.
   rC:        It protects you from cold.
   Will:      It decreases your willpower.
 j - a +0 chain mail (worn)
Jewellery
 m - a ring of willpower (left hand)
Scrolls
 a - 2 scrolls of identify
Potions
 d - 2 potions of might
 e - 2 potions of lignification
 h - a potion of attraction
 i - a potion of mutation {unknown}
 k - 2 potions of heal wounds {unknown}
 l - 2 potions of curing {unknown}

Dungeon Overview and Level Annotations

Branches:
Dungeon (5/15)
 Temple: D:4-7

Altars:

Shops:
D:3 (

Annotations:
D:3 3 runed translucent doors, qw's ghost, amateur GrFi
D:5 3 runed translucent doors, qw's ghost, novice GrFi


Message History

You set off the alarm!
The alarm trap emits a blaring wail!
A sentinel's mark forms upon you.
You hear two shouts!
A scorpion comes into view.
Found a potion of attraction.
Enter note: A two-headed ogre comes into view.
It is wielding a +0 giant spiked club and a +0 giant club.
You hit the scorpion but do no damage.
The scorpion stings you but does no damage.
The scorpion stings you.
You slash the scorpion!
The scorpion is moderately wounded.
The scorpion completely misses you.
You hit the scorpion.
The scorpion is heavily wounded.
The scorpion barely misses you.
You hit the scorpion but do no damage.
The scorpion is heavily wounded.
The scorpion stings you but does no damage. x2
You slash the scorpion!
You kill the scorpion!
Your Fighting skill increases to level 5!
You barely miss the two-headed ogre.
The two-headed ogre hits you with a +0 giant spiked club.
The two-headed ogre barely misses you.
You hit the two-headed ogre but do no damage.
You block the two-headed ogre's attack.
The two-headed ogre hits you but does no damage.
You hit the two-headed ogre.
The two-headed ogre is lightly wounded.
The two-headed ogre hits you with a +0 giant spiked club!
The two-headed ogre hits you with a +0 giant club!
You slash the two-headed ogre!
The two-headed ogre is moderately wounded.
You barely miss the two-headed ogre.
The two-headed ogre is moderately wounded.
The two-headed ogre hits you with a +0 giant spiked club!!
Ouch! That really hurt!
You die...

## #####.##.# #..[....#..... #
#.....##.# ###.......##.#
######.###.##.# #...###.#...
##.....#..)>..##############.#..#
%......#.#.#####............)....
##.........# #.###########.#...
##.....##### #.# ######.#.##
##.....# #.# #......#.# ########
#@# #.######.## #O# #.# ##.. #.#
#.# ##. #.# ###.### #. #.#
#.....# #. #.# #.....# #. ..#
#.....# #. #!# #.....# #. #.....#
##


You could see a two-headed ogre.

Vanquished Creatures
  Grinder (D:4)
  An ogre (D:5)
  A scorpion (D:5)
  A necrophage (D:5)
  3 hounds
  A jelly (D:5)
  An iguana (D:5)
  An orc wizard (D:4)
  Robin (D:2)
  5 adders
  An ufetubus (D:4)
  4 dart slugs
  14 orcs
  8 ball pythons
  5 endoplasms
  3 giant cockroaches
  12 goblins
  10 hobgoblins
  12 jackals
  5 quokkas
  5 bats
  3 frilled lizards
  9 kobolds
  4 rats
111 creatures vanquished.

Notes
Turn   | Place    | Note
-------+----------+-------------------------------------------
     0 | D:1      | qw the Gargoyle Fighter began the quest for the Orb.
     0 | D:1      | Reached XP level 1. HP: 14/14 MP: 1/1
     0 | D:1      | 0 ||| qw: Version: 0.2-a-12-gaebbb33
     0 | D:1      | 0 ||| qw: Game counter: 1553
     0 | D:1      | 0 ||| qw: Always use a shield: true
     0 | D:1      | 0 ||| qw: God list: Okawaru
     0 | D:1      | 0 ||| qw: Allow faded altars: false
     0 | D:1      | 0 ||| qw: Do Orc after D:15 true
     0 | D:1      | 0 ||| qw: Do second Lair branch before Depths: true
     0 | D:1      | 0 ||| qw: Lair rune preference: random
     0 | D:1      | 0 ||| qw: Plans: Normal, Zot:1-4, God:TSO, Crypt, Tomb,
                  | Pan, Slime:5, Hells, Abyss, Orb
     0 | D:1      | 0 ||| PLANNING D:1-11
   191 | D:1      | Reached skill level 2 in Axes
   254 | D:1      | Reached XP level 2. HP: 15/19 MP: 2/2
   357 | D:1      | 357 ||| Stepping ~*~*~tactically~*~*~ (stealth).
   358 | D:1      | 358 ||| Stepping ~*~*~tactically~*~*~ (stealth).
   488 | D:1      | Found a faded altar of an unknown god.
   961 | D:1      | 961 ||| UPGRADING to +0 chain mail.
   971 | D:1      | 971 ||| DROPPING +0 scale mail.
   972 | D:1      | 972 ||| READING 2 scrolls labelled YSEHEICK ALIOV.
   973 | D:1      | 973 ||| READING scroll labelled ICRIVE JUHEO.
   978 | D:1      | 978 ||| READING scroll labelled WYSAARGH LIDOO.
   979 | D:1      | 979 ||| READING scroll labelled ITHOASSAES.
   980 | D:1      | 980 ||| READING scroll labelled GUED NEUPPYV.
  1007 | D:2      | 1007 ||| DROPPING +0 club.
  1086 | D:2      | Reached skill level 3 in Axes
  1086 | D:2      | Reached XP level 3. HP: 23/23 MP: 3/3
  1340 | D:2      | Identified the +11 whip of Absolution {vorpal, rF+ Dex+3}
  1501 | D:2      | 1501 ||| FLEEEEING.
  1502 | D:2      | 1502 ||| FLEEEEING.
  1503 | D:2      | 1503 ||| FLEEEEING.
  1504 | D:2      | 1504 ||| FLEEEEING.
  1599 | D:2      | 1599 ||| DROPPING +0 whip.
  1646 | D:2      | Noticed Robin
  1652 | D:2      | Killed Robin
  1653 | D:2      | Reached XP level 4. HP: 25/28 MP: 4/4
  1668 | D:2      | Reached skill level 4 in Axes
  2009 | D:2      | 2009 ||| Stepping ~*~*~tactically~*~*~ (stealth).
  2022 | D:2      | 2022 ||| Stepping ~*~*~tactically~*~*~ (stealth).
  2200 | D:2      | 2200 ||| Stepping ~*~*~tactically~*~*~ (hiding).
  2606 | D:2      | 2606 ||| UPGRADING to +0 helmet.
  2611 | D:2      | 2611 ||| DRINKING 2 metallic purple potions.
  2645 | D:2      | 2645 ||| READING 3 scrolls of identify.
  2645 | D:2      | 2645 ||| IDENTIFYING lumpy amethyst potion
  2646 | D:2      | 2646 ||| READING 2 scrolls of identify.
  2646 | D:2      | 2646 ||| IDENTIFYING ruby potion
  2647 | D:2      | 2647 ||| DROPPING potion of magic.
  2670 | D:3      | 2670 ||| STAIRDANCE
  2733 | D:3      | 2733 ||| Stepping ~*~*~tactically~*~*~ (stealth).
  2801 | D:3      | Identified the +1 leather armour of the Pits of Slime {rF+
                  | rC+ Will-}
  2837 | D:3      | Reached XP level 5. HP: 29/32 MP: 5/5
  2958 | D:3      | Found a runed translucent gate.
  2964 | D:3      | Found a runed translucent gate.
  2964 | D:3      | Found a runed translucent gate.
  2964 | D:3      | Noticed qw's ghost (amateur GrFi)
  2967 | D:3      | 2967 ||| READING scroll labelled QOFFEIKLIWN.
  2968 | D:3      | 2968 ||| READING 2 scrolls of identify.
  2968 | D:3      | 2968 ||| IDENTIFYING fuming yellow potion
  3060 | D:3      | Found Mocudduj's Weapon Emporium.
  3068 | D:3      | 3068 ||| SHOPLISTING +2 war axe of flaming (237 gold, have
                  | 100).
  3269 | D:3      | 3269 ||| Stepping ~*~*~tactically~*~*~ (stealth).
  3270 | D:3      | 3270 ||| Stepping ~*~*~tactically~*~*~ (stealth).
  3425 | D:3      | 3425 ||| DROPPING potion of ambrosia.
  3636 | D:4      | 3636 ||| Stepping ~*~*~tactically~*~*~ (stealth).
  3639 | D:4      | 3639 ||| Stepping ~*~*~tactically~*~*~ (stealth).
  3641 | D:4      | 3641 ||| Stepping ~*~*~tactically~*~*~ (stealth).
  3643 | D:4      | 3643 ||| Stepping ~*~*~tactically~*~*~ (hiding).
  3644 | D:4      | 3644 ||| Stepping ~*~*~tactically~*~*~ (hiding).
  3647 | D:4      | 3647 ||| FLEEEEING.
  3648 | D:4      | 3648 ||| FLEEEEING.
  3651 | D:4      | 3651 ||| FLEEEEING.
  3652 | D:4      | 3652 ||| FLEEEEING.
  3653 | D:4      | 3653 ||| FLEEEEING.
  3654 | D:4      | 3654 ||| FLEEEEING.
  3655 | D:4      | 3655 ||| FLEEEEING.
  3656 | D:4      | 3656 ||| FLEEEEING.
  3657 | D:4      | 3657 ||| FLEEEEING.
  3658 | D:4      | 3658 ||| FLEEEEING.
  3659 | D:4      | 3659 ||| FLEEEEING.
  3660 | D:4      | 3660 ||| FLEEEEING.
  3684 | D:4      | Reached skill level 5 in Axes
  4265 | D:4      | 4265 ||| UPGRADING to ring of willpower.
  4266 | D:4      | 4266 ||| READING scroll labelled JYM BA NASENU.
  4267 | D:4      | 4267 ||| Stepping randomly (stuck).
  4268 | D:4      | 4268 ||| Stepping randomly (stuck).
  4269 | D:4      | 4269 ||| Stepping randomly (stuck).
  4271 | D:4      | 4271 ||| Stepping randomly (stuck).
  4272 | D:4      | 4272 ||| Stepping randomly (stuck).
  4278 | D:4      | 4278 ||| Stepping randomly (stuck).
  4279 | D:4      | 4279 ||| Stepping randomly (stuck).
  4280 | D:4      | 4280 ||| Stepping randomly (stuck).
  4281 | D:4      | 4281 ||| Stepping randomly (stuck).
  4308 | D:4      | 4308 ||| Stepping randomly (stuck).
  4314 | D:4      | 4314 ||| Stepping randomly (stuck).
  4315 | D:4      | 4315 ||| Stepping randomly (stuck).
  4354 | D:4      | 4354 ||| READING 3 scrolls labelled WEOFRI ZASHROUC.
  4422 | D:4      | 4422 ||| DROPPING 2 scrolls of silence.
  4433 | D:4      | 4433 ||| Stepping randomly (stuck).
  4434 | D:4      | 4434 ||| Stepping randomly (stuck).
  4435 | D:4      | 4435 ||| Stepping randomly (stuck).
  4437 | D:4      | 4437 ||| Stepping randomly (stuck).
  4438 | D:4      | 4438 ||| Stepping randomly (stuck).
  4442 | D:4      | 4442 ||| Stepping randomly (stuck).
  4443 | D:4      | 4443 ||| Stepping randomly (stuck).
  4444 | D:4      | 4444 ||| Stepping randomly (stuck).
  4446 | D:4      | 4446 ||| Stepping randomly (stuck).
  4447 | D:4      | 4447 ||| Stepping randomly (stuck).
  4448 | D:4      | 4448 ||| Stepping randomly (stuck).
  4450 | D:4      | 4450 ||| Stepping randomly (stuck).
  4622 | D:4      | Reached XP level 6. HP: 38/38 MP: 6/6
  4648 | D:4      | Noticed Grinder
  4649 | D:4      | 4649 ||| Stepping ~*~*~tactically~*~*~ (hiding).
  4688 | D:4      | Killed Grinder
  4689 | D:4      | Reached skill level 6 in Axes
  4985 | D:4      | Reached skill level 1 in Dodging
  4985 | D:4      | Reached XP level 7. HP: 43/43 MP: 7/7
  5090 | D:4      | 5090 ||| Stepping ~*~*~tactically~*~*~ (stealth).
  5091 | D:4      | 5091 ||| Stepping ~*~*~tactically~*~*~ (stealth).
  5092 | D:4      | 5092 ||| Stepping ~*~*~tactically~*~*~ (stealth).
  5093 | D:4      | 5093 ||| Stepping ~*~*~tactically~*~*~ (stealth).
  5094 | D:4      | 5094 ||| Stepping ~*~*~tactically~*~*~ (stealth).
  5099 | D:4      | 5099 ||| Stepping ~*~*~tactically~*~*~ (stealth).
  5100 | D:4      | 5100 ||| Stepping ~*~*~tactically~*~*~ (stealth).
  5614 | D:4      | 5614 ||| DRINKING 2 metallic red potions.
  5615 | D:4      | 5615 ||| DROPPING potion of degeneration.
  5657 | D:5      | Entered Level 5 of the Dungeon
  5665 | D:5      | 5665 ||| Stepping ~*~*~tactically~*~*~ (hiding).
  6037 | D:5      | 6037 ||| Stepping ~*~*~tactically~*~*~ (stealth).
  6043 | D:5      | Reached skill level 7 in Axes
  6132 | D:5      | 6132 ||| Stepping ~*~*~tactically~*~*~ (stealth).
  6345 | D:5      | Found a runed translucent gate.
  6346 | D:5      | Found a runed translucent gate.
  6346 | D:5      | Noticed qw's ghost (novice GrFi)
  6347 | D:5      | Found a runed translucent gate.
  6347 | D:5      | Identified the +3 spear "Cahoag" {freeze, rCorr}
  6347 | D:5      | Identified the +5 leather armour "Zasoumigug" {Harm Str-2
                  | Int+5}
  6460 | D:5      | Noticed a two-headed ogre
  6472 | D:5      | Mangled by a two-headed ogre

Levels and vault maps discovered:
D:1:      saegor_arrival_simple_e, layout_basic, shapermc_ecumenical_altar_petra
D:2:      layout_basic, uniq_robin
D:3:      layout_loops_ring, serial_shops, nicolae_shop_bloodbath_and_beyond,
          gammafunk_ghost_split, chequers_serial_rivers_micro_e,
          grunt_ministairs_14, st_stairs_4
D:4:      layout_layer_cave, minmay_puff, uniq_grinder
D:5:      layout_loops_cross, biasface_ghost_orc_armoury

Skill      XL: |  1  2  3  4  5  6  7 |
---------------+----------------------+-----
Axes           | 2 3 4 5 6 7 |  7.0
Fighting       | 4 5 |  5.1
Dodging        | 1 |  1.0
Armour         | |  3.2
Shields        | |  3.2

Action                   |  1- 3 |  4- 6 |  7- 9 || total
-------------------------+-------+-------+-------++-------
Melee: War axe           |    96 |   240 |    67 ||   403
Throw: Boomerang         |       |    16 |    14 ||    30
  Use: Scroll            |     5 |     6 |       ||    11
       Potion            |       |     1 |     1 ||     2
Armor: Scale mail        |    20 |       |       ||    20
       Chain mail        |    37 |   177 |    36 ||   250
Dodge: Dodged            |    38 |    93 |    12 ||   143
Block: Buckler           |    20 |    48 |    16 ||    84

Table legend:
 A = Non-vault XP
 B = Vault XP
 C = Vault XP percentage of total XP
 D = Non-vault monster count
 E = Vault monster count
 F = Vault count percentage of total count
                 A         B        C        D         E       F
            +---------+---------+-------+---------+---------+-------
      Total |     720 |     363 |  33.5 |      92 |      19 |  17.1
            +---------+---------+-------+---------+---------+-------
        D:1 |      26 |       0 |   0.0 |      13 |       0 |   0.0
        D:2 |      96 |      36 |  27.3 |      30 |      12 |  28.6
        D:3 |      19 |       3 |  13.6 |      12 |       3 |  20.0
        D:4 |     147 |     324 |  68.8 |      26 |       4 |  13.3
        D:5 |     432 |       0 |   0.0 |      11 |       0 |   0.0
            +---------+---------+-------+---------+---------+-------
